[Event "ICC tourney 1941 (7 2)"]
[Site "Internet Chess Club"]
[Date "2020.07.31"]
[Round "3"]
[White "babysnake"]
[Black "josechess99"]
[Result "1-0"]
[ICCResult "Black checkmated"]
[WhiteElo "2359"]
[BlackElo "2471"]
[Opening "Catalan opening"]
[ECO "E00"]
[NIC "CA.01"]
[Time "20:14:06"]
[TimeControl "420+2"]

1. d4 Nf6 2. c4 e6 3. g3 Bb4+ 4. Nd2 O-O 5. Bg2 d6 6. Nf3 Nc6 7. O-O Bxd2 8.
Bxd2 e5 9. dxe5 dxe5 10. Bc3 Qe7 11. Qc2 a5 12. Rad1 Qc5 13. Qa4 Be6 14. b3
Ne4 15. Bb2 Rfd8 16. e3 Nd6 17. Ng5 Bd7 18. Ne4 Nxe4 19. Bxe4 Bg4 20. Rxd8+
Rxd8 21. Qb5 Qb6 22. Bc3 f6 23. Kg2 Be6 24. a4 Qxb5 25. cxb5 Nb4 26. Bxb4
axb4 27. Bxb7 Bxb3 28. a5 Bc2 29. a6 b3 30. Kf3 b2 31. Be4 Ba4 32. a7 f5 33.
Bd5+ Kf8 34. Rb1 Bxb5 35. a8=Q Rxa8 36. Bxa8 g5 37. Rxb2 Bf1 38. e4 f4 39.
gxf4 exf4 40. Kg4 h5+ 41. Kxg5 h4 42. Kf6 f3 43. Rb8# {Black checkmated} 1-0

[Event "ICC tourney 1941 (7 2)"]
[Site "Internet Chess Club"]
[Date "2020.07.31"]
[Round "3"]
[White "steinutz"]
[Black "binomialfactor"]
[Result "0-1"]
[ICCResult "White resigns"]
[WhiteElo "1533"]
[BlackElo "1670"]
[Opening "Levitsky attack (Queen's bishop attack)"]
[ECO "D00"]
[NIC "QP.08"]
[Time "20:14:05"]
[TimeControl "420+2"]

1. d4 d5 2. Bg5 h6 3. Bh4 Nf6 4. c3 Bf5 5. e3 e6 6. Bd3 Bxd3 7. Qxd3 c6 8.
Nd2 Be7 9. f4 Nbd7 10. Ngf3 O-O 11. O-O c5 12. Kh1 Re8 13. Ne5 Qc7 14. Rae1
Nf8 15. Bxf6 Bxf6 16. Rf3 Bxe5 17. fxe5 Ng6 18. Ref1 Re7 19. R1f2 Rd8 20.
Rh3 b6 21. g4 Red7 22. Nf1 Nf8 23. Ng3 Nh7 24. Nh5 Ng5 25. Rh4 Ne4 26. Rg2
cxd4 27. exd4 Rf8 28. Nf6+ Nxf6 29. exf6 Qf4 30. fxg7 Kxg7 31. Qe2 Re7 32.
Rf2 Qg5 33. Rh5 Qg6 34. Rg2 f6 35. h4 Qb1+ 36. Rg1 Qe4+ 37. Qxe4 dxe4 38.
Kg2 a6 39. Kf2 Kg6 40. Ke3 f5 41. a4 Ref7 42. b3 Rc7 43. c4 Rcf7 44. Rd1
fxg4 45. Re5 Rf3+ 46. Ke2 Rf2+ 47. Ke1 Rf1+ 48. Ke2 R8f2+ 49. Ke3 Rf3+ 50.
Ke2 Rxd1 51. Kxd1 g3 52. Rxe4 Kf5 53. Re5+ Kf6 54. Ke2 g2 55. Kxf3 g1=Q 56.
Ke4 Qg4+ 57. Kd3 Qxh4 58. Re4 Qg3+ 59. Re3 Qg6+ 60. Kc3 h5 61. d5 exd5 62.
cxd5 Qf5 63. Re6+ Qxe6 64. dxe6 Kxe6 65. Kd3 Kd5 66. Ke3 Kc5 67. Kf3 Kb4 68.
Kf4 Kxb3 69. Kg5 Kxa4 70. Kxh5 b5 71. Kg4 b4 72. Kf3 b3 73. Ke2 b2 74. Kd2
b1=Q 75. Kc3 Ka3 {White resigns} 0-1

[Event "ICC tourney 1941 (7 2)"]
[Site "Internet Chess Club"]
[Date "2020.07.31"]
[Round "3"]
[White "maddieweber789"]
[Black "JohnnyHop98"]
[Result "0-1"]
[ICCResult "White checkmated"]
[WhiteElo "1442"]
[BlackElo "1650"]
[Opening "Benoni: Uhlmann variation"]
[ECO "A61"]
[NIC "BI.25"]
[Time "20:13:59"]
[TimeControl "420+2"]

1. d4 Nf6 2. Nf3 c5 3. d5 e6 4. c4 exd5 5. cxd5 d6 6. Nc3 g6 7. Bg5 Bg7 8.
e3 O-O 9. Be2 h6 10. Bh4 Qa5 11. O-O a6 12. Qc1 Bf5 13. Bxf6 Bxf6 14. e4 Bg4
15. Qxh6 Bg7 16. Qd2 b5 17. Rfd1 Nd7 18. a3 Rac8 19. h3 Bxf3 20. Bxf3 Qb6
21. g4 c4 22. Kg2 Nc5 23. Rab1 Nb3 24. Qg5 Qd8 25. Qf4 Rb8 26. Na2 a5 27.
Be2 Rb6 28. Nc1 Nc5 29. f3 Qh4 30. Qg3 Qh8 31. Rd2 Be5 32. Qf2 Bf4 33. Rc2
Qe5 34. Na2 Rbb8 35. Rh1 Kg7 36. Rd1 g5 37. Qd4 Qxd4 38. Rxd4 Be5 39. Rd1
Nb3 40. Nc3 b4 41. Na4 Nd4 42. Rxd4 Bxd4 43. Rxc4 Be5 44. Bd3 bxa3 45. bxa3
Rb3 46. Bc2 Rxa3 47. Kf1 Ra1+ 48. Kf2 Rh1 49. Kg2 Rh2+ 50. Kg1 Rxh3 51. Kf2
Rfh8 52. Nb6 Rh2+ 53. Ke1 Rg2 54. Kf1 Rhh2 55. Ba4 Bg3 56. Rc1 Rb2 57. Nc4
Rh1# {White checkmated} 0-1

[Event "ICC tourney 1941 (7 2)"]
[Site "Internet Chess Club"]
[Date "2020.07.31"]
[Round "3"]
[White "MrNormalName"]
[Black "IndianTerritory"]
[Result "1/2-1/2"]
[ICCResult "Game drawn by repetition"]
[WhiteElo "1923"]
[BlackElo "1713"]
[Opening "QGD semi-Slav: Stoltz variation"]
[ECO "D45"]
[NIC "SL.08"]
[Time "20:14:54"]
[TimeControl "420+2"]

1. d4 c6 2. c4 d5 3. Nc3 Nf6 4. e3 e6 5. Nf3 Nbd7 6. Qc2 Bd6 7. Be2 O-O 8.
O-O e5 9. cxd5 cxd5 10. Nb5 Bb8 11. dxe5 Nxe5 12. Nbd4 Nxf3+ 13. Bxf3 Be5
14. Rd1 a6 15. b3 Bg4 16. Bxg4 Nxg4 17. h3 Rc8 18. Qf5 Bxd4 19. exd4 Nf6 20.
Bg5 Qd7 21. Qxd7 Nxd7 22. Rac1 f6 23. Bf4 Kf7 24. f3 g5 25. Bg3 h5 26. h4
Kg6 27. Kf2 Kf5 28. hxg5 fxg5 29. Bd6 Rfe8 30. Rxc8 Rxc8 31. Rd2 Rc6 32. Bh2
h4 33. Re2 Re6 34. Rc2 b6 35. Rc7 Nf6 36. Be5 g4 37. Bxf6 Rxf6 38. Rd7 Ke6
39. Rh7 h3 40. Rh4 Rf4 41. gxh3 Rxf3+ 42. Kg2 Rxh3 43. Rxg4 Rh6 44. Kf3 Kf6
45. Rf4+ Ke6 46. Rg4 Kf5 47. Rf4+ Ke6 48. Ke3 Rh3+ 49. Rf3 Rxf3+ 50. Kxf3
Kf5 51. a3 a5 52. a4 Kg5 53. Kg3 Kf5 54. Kf3 Kg5 55. Kg3 Kf5 56. Kf3 Kg5
{Game drawn by repetition}
1/2-1/2

[Event "ICC tourney 1941 (7 2)"]
[Site "Internet Chess Club"]
[Date "2020.07.31"]
[Round "3"]
[White "justinchess"]
[Black "speedskater"]
[Result "0-1"]
[ICCResult "White resigns"]
[WhiteElo "2151"]
[BlackElo "1844"]
[Opening "QGD Slav: 4.e3"]
[ECO "D11"]
[NIC "SL.01"]
[Time "20:14:13"]
[TimeControl "420+2"]

1. d4 d5 2. c4 c6 3. Nf3 Nf6 4. e3 Bg4 5. Nc3 e6 6. h3 Bf5 7. Bd3 Bxd3 8.
Qxd3 Nbd7 9. O-O Bb4 10. Bd2 Bxc3 11. Bxc3 O-O 12. Rad1 Ne4 13. Nd2 Ndf6 14.
Nxe4 Nxe4 15. f3 Nd6 16. b3 a5 17. c5 Nb5 18. a4 Nxc3 19. Qxc3 Qh4 20. Rb1
Ra7 21. b4 axb4 22. Rxb4 Rfa8 23. Qb3 Qg3 24. Ra1 Rb8 25. a5 g6 26. a6 Rba8
27. Rb6 Kg7 28. Ra2 Rxa6 29. Raxa6 Rxa6 30. Rxa6 bxa6 31. Qb6 Qe1+ 32. Kh2
Qxe3 33. Qxc6 Qf4+ 34. Kh1 Qxd4 35. Qd6 Qc3 36. c6 d4 37. c7 d3 38. Qd8 d2
39. c8=Q Qxc8 40. Qxc8 d1=Q+ 41. Kh2 Qd6+ 42. Kh1 e5 43. Qc4 a5 44. Qb5 Qc7
45. Kg1 f6 46. Kh2 e4+ 47. Kh1 exf3 48. gxf3 Qa7 49. Qa4 h5 50. Kg2 g5 51.
Kf1 Qa6+ 52. Kf2 Qb6+ 53. Kg2 Qb2+ 54. Kg1 Qc1+ 55. Kg2 Qc7 56. Qb5 h4 57.
Kf1 Qa7 58. Qa4 Kh6 59. Qe8 Kg7 60. Qa4 Qc7 61. Qb5 Kf7 62. Qd5+ Ke7 63. Qb5
Qe5 64. Qb7+ Ke6 65. Qc8+ Kd5 66. Qb7+ Kc4 67. Qc6+ Kb4 68. Qb6+ Qb5+
{White resigns}
0-1

[Event "ICC tourney 1941 (7 2)"]
[Site "Internet Chess Club"]
[Date "2020.07.31"]
[Round "3"]
[White "LChessMaster"]
[Black "Kokoro"]
[Result "1-0"]
[ICCResult "Black resigns"]
[WhiteElo "1535"]
[BlackElo "1794"]
[Opening "QGD: Cambridge Springs defense, Bogolyubov variation"]
[ECO "D52"]
[NIC "QO.15"]
[Time "20:14:29"]
[TimeControl "420+2"]

1. d4 Nf6 2. c4 e6 3. Nf3 d5 4. Nc3 c6 5. Bg5 Nbd7 6. e3 Qa5 7. Nd2 Bb4 8.
Qc2 dxc4 9. Bxf6 Nxf6 10. Bxc4 c5 11. dxc5 Qxc5 12. O-O Ba5 13. Bb5+ Nd7 14.
Nb3 Qc7 15. Nxa5 Qxa5 16. Rad1 a6 17. Bd3 Nc5 18. Ne4 Nxe4 19. Bxe4 f5 20.
Bf3 O-O 21. a3 Qb6 22. Rd3 e5 23. Rb3 Qe6 24. Bxb7 Rb8 25. Bd5 Qxd5 26. Rxb8
Bb7 27. Rxf8+ Kxf8 28. f4 g6 29. fxe5 Qxe5 30. Qf2 Kg7 31. Rd1 Bd5 32. Qd2
Bb3 33. Qd4 Kf6 34. Qxe5+ Kxe5 35. Rd7 h5 36. Rg7 Kf6 37. Ra7 Bc4 38. b3 Bb5
39. a4 Bd3 40. Kf2 g5 41. Rd7 Bc2 42. Rd6+ Ke5 43. Rxa6 Bxb3 44. Ra5+ Ke4
45. Rb5 Bd5 46. a5 Bc6 47. Rc5 Bb7 48. Rb5 Ba6 49. Rb6 Bd3 50. a6 Kd5 51. a7
Kc5 52. a8=Q Kxb6 53. Qd8+ Kc5 54. Qxd3 f4 55. Qf5+ Kd6 56. exf4 g4 57. Qxh5
Ke6 58. Qxg4+ Kf6 59. h4 Kf7 60. h5 Kf6 61. h6 Kf7 62. h7 Kf6 63. h8=Q+
{Black resigns}
1-0

[Event "ICC tourney 1941 (7 2)"]
[Site "Internet Chess Club"]
[Date "2020.07.31"]
[Round "3"]
[White "BreatheChessAls"]
[Black "pyaru536"]
[Result "0-1"]
[ICCResult "White forfeits on time"]
[WhiteElo "1645"]
[BlackElo "1369"]
[Opening "Queen's pawn, Mason variation, Steinitz counter-gambit"]
[ECO "D00"]
[NIC "QP.08"]
[Time "20:14:01"]
[TimeControl "420+2"]

1. d4 d5 2. Bf4 c5 3. e3 Nc6 4. c3 Nf6 5. Nd2 Bf5 6. Qb3 Qd7 7. Ngf3 e6 8.
Ne5 Qc8 9. Be2 Be7 10. O-O O-O 11. h3 Nxe5 12. Bxe5 c4 13. Qd1 b5 14. Bf3 a5
15. Re1 Ne4 16. Nxe4 Bxe4 17. Bxe4 dxe4 18. f3 Qc6 19. Rf1 b4 20. Qc2 exf3
21. Rxf3 bxc3 22. bxc3 Bd6 23. Bxd6 Qxd6 24. e4 Rab8 25. e5 Qd5 26. Raf1 Rb7
27. Qa4 Rb2 28. Qa3 Rb7 29. R3f2 h6 30. Qa4 Rfb8 31. Qa3 Qc6 32. Qxa5 Rd7
33. Qa3 Ra8 34. Qc1 Qe4 35. Qe1 Qd3 36. Rf3 Qg6 37. Rg3 Qh5 38. Qd2 Rda7 39.
Ra1 Ra3 40. Kh2 R8a7 41. Qf2 Ra8 42. Qf6 g6 43. Rf1 R3a7 44. Rf4 Kh7 45.
Rgg4 g5 46. Rf2 Qg6 47. Qxg6+ Kxg6 48. Rf6+ Kh7 49. Rg3 Rb7 50. Rgf3 Kg7 51.
Rf2 Ra3 52. R6f3 Rba7 53. Kg3 Rxa2 54. Rxf7+ Rxf7 55. Rxa2 Rb7 56. Kg4 Rb3
57. Ra7+ Kg6 58. Ra6 h5+ 59. Kf3 Rxc3+ 60. Ke4 Kf7 61. Ra7+ Kf8
{White forfeits on time}
0-1

[Event "ICC tourney 1941 (7 2)"]
[Site "Internet Chess Club"]
[Date "2020.07.31"]
[Round "4"]
[White "TjkTiger"]
[Black "helavir"]
[Result "1/2-1/2"]
[ICCResult "Game drawn by mutual agreement"]
[WhiteElo "2092"]
[BlackElo "2215"]
[Opening "English: Caro-Kann defensive system"]
[ECO "A11"]
[NIC "EO.64"]
[Time "20:38:55"]
[TimeControl "420+2"]

1. c4 c6 2. Nc3 d5 3. d4 Nf6 4. cxd5 cxd5 5. Bf4 Nc6 6. e3 Bg4 7. f3 Bd7 8.
g4 e6 9. Bd3 Be7 10. Nge2 O-O 11. Kf2 Re8 12. Rc1 Bf8 13. h4 e5 14. dxe5
Nxe5 15. g5 {Game drawn by mutual agreement} 1/2-1/2

[Event "ICC tourney 1941 (7 2)"]
[Site "Internet Chess Club"]
[Date "2020.07.31"]
[Round "4"]
[White "tallike"]
[Black "BreatheChessAls"]
[Result "0-1"]
[ICCResult "White resigns"]
[WhiteElo "1406"]
[BlackElo "1672"]
[Opening "Nimzovich-Larsen attack: classical variation"]
[ECO "A01"]
[NIC "VO.08"]
[Time "20:38:51"]
[TimeControl "420+2"]

1. b3 d5 2. Bb2 Nf6 3. e3 e6 4. Nf3 Be7 5. c4 O-O 6. cxd5 exd5 7. Be2 c5 8.
O-O Nc6 9. Nc3 d4 10. Na4 d3 11. Bxd3 Qxd3 12. Rc1 b6 13. b4 Nxb4 14. Ne5
Qd8 15. a3 Nd3 16. Nc6 Qc7 17. Nxe7+ Qxe7 18. Rc3 Nxb2 19. Nxb2 Bb7 20. d3
Qe5 21. Qd2 Ng4 22. g3 Qh5 23. f3 Ne5 24. g4 Qh3 25. Qg2 Nxf3+ 26. Rxf3 Qxf3
27. Qxf3 Bxf3 28. h3 Bb7 29. Nc4 Rad8 30. Kf2 Rfe8 31. e4 h6 32. Ke3 g6 33.
a4 f5 34. gxf5 gxf5 35. e5 Rd4 36. Rc2 f4+ 37. Ke2 Ba6 38. Nd2 Bxd3+ 39. Kd1
Bxc2+ {White resigns} 0-1

[Event "ICC tourney 1941 (7 2)"]
[Site "Internet Chess Club"]
[Date "2020.07.31"]
[Round "4"]
[White "clair"]
[Black "Joelpaulg"]
[Result "0-1"]
[ICCResult "White checkmated"]
[WhiteElo "1263"]
[BlackElo "1434"]
[Opening "Queen's pawn: London system"]
[ECO "A45"]
[NIC "QP.07"]
[Time "20:39:41"]
[TimeControl "420+2"]

1. d4 Nf6 2. Bf4 c5 3. e3 Nd5 4. Bg3 Qb6 5. Qc1 cxd4 6. exd4 Qxd4 7. Nf3 Qb6
8. Be2 g6 9. O-O Bg7 10. c3 Nc6 11. Na3 O-O 12. Rd1 Nf6 13. Nc4 Qd8 14. h3
d5 15. Ne3 e6 16. Ne5 Ne4 17. Nxc6 bxc6 18. Bh2 c5 19. Nc4 Qh4 20. f3 Qf2+
21. Kh1 Qxe2 22. fxe4 Qxc4 23. exd5 exd5 24. Qg5 d4 25. Bd6 Re8 26. Bxc5
dxc3 27. bxc3 Qxc3 28. Rac1 Qb2 29. Rd8 Bb7 30. Rxe8+ Rxe8 31. a3 Bh6 32.
Qxh6 Qxg2# {White checkmated} 0-1

[Event "ICC tourney 1941 (7 2)"]
[Site "Internet Chess Club"]
[Date "2020.07.31"]
[Round "4"]
[White "caracal"]
[Black "Samuel-Colt"]
[Result "1/2-1/2"]
[ICCResult "Game drawn by mutual agreement"]
[WhiteElo "1330"]
[BlackElo "1549"]
[Opening "King's Indian: orthodox, Aronin-Taimanov, Benkö attack"]
[ECO "E99"]
[NIC "KI.02"]
[Time "20:38:53"]
[TimeControl "420+2"]

1. d4 Nf6 2. c4 g6 3. Nc3 Bg7 4. e4 d6 5. Nf3 O-O 6. Be2 Nc6 7. O-O e5 8. d5
Ne7 9. Ne1 Nd7 10. f3 f5 11. g4 fxe4 12. fxe4 Nc5 13. b4 Na6 14. a3 c6 15.
Be3 cxd5 16. cxd5 Rxf1+ 17. Kxf1 Qf8+ 18. Kg2 Bh6 19. Bxh6 Qxh6 20. Bxa6
bxa6 21. Nd3 Bd7 22. Qf3 Rf8 23. Qe2 g5 24. h3 Ng6 25. Rf1 Nh4+ 26. Kg3 Rc8
27. Nd1 Ng6 28. Ne3 Qh4+ 29. Kh2 Bb5 30. Qd2 Bxd3 31. Qxd3 Nf4 32. Rxf4 gxf4
33. Ng2 Qg3+ 34. Qxg3 fxg3+ 35. Kxg3 Rc3+ 36. Kf2 Rxa3 37. Ne3 Rb3 38. Nf5
Rxb4 39. Nxd6 a5 40. Nf5 Rxe4 41. d6 Kf8 42. d7 Rf4+ 43. Ke3 Rd4 44. Nxd4
exd4+ 45. Kxd4 Ke7 46. h4 Kxd7 47. g5 Ke7 48. h5 Kf7 49. Kc5 a6 50. Kc4 Kg7
51. Kb3 Kf7 52. Ka4 Ke6 53. Kxa5 Kf5 54. g6 hxg6 55. hxg6
{Game drawn by mutual agreement}
1/2-1/2

[Event "ICC tourney 1941 (7 2)"]
[Site "Internet Chess Club"]
[Date "2020.07.31"]
[Round "4"]
[White "Kokoro"]
[Black "harkerchess"]
[Result "1-0"]
[ICCResult "Black forfeits on time"]
[WhiteElo "1796"]
[BlackElo "1340"]
[Opening "Caro-Kann: Tartakower (fantasy) variation"]
[ECO "B12"]
[NIC "CK.02"]
[Time "20:39:06"]
[TimeControl "420+2"]

1. e4 c6 2. d4 d5 3. f3 Nf6 4. e5 Nfd7 5. e6 fxe6 6. f4 g6 7. Bd3 Bg7 8. Nf3
O-O 9. h4 Nf6 10. Ne5 Nbd7 11. h5 Nxh5 12. Rxh5 gxh5 13. Qxh5 Nf6 14. Qh3
Qe8 15. g4 b6 16. Be3 Rb8 17. Nd2 c5 18. c3 c4 19. Bc2 Bb7 20. g5 Nh5 21.
Qxe6+ Kh8 22. O-O-O Nxf4 23. Bxf4 Rxf4 24. Rh1 h6 25. Rxh6+ Bxh6 26. Qxh6+
Kg8 27. Qh7+ {Black forfeits on time} 1-0

[Event "ICC tourney 1941 (7 2)"]
[Site "Internet Chess Club"]
[Date "2020.07.31"]
[Round "4"]
[White "playtowin2020"]
[Black "closedforce"]
[Result "0-1"]
[ICCResult "White checkmated"]
[WhiteElo "1577"]
[BlackElo "1398"]
[Opening "French: Tarrasch, Botvinnik variation"]
[ECO "C05"]
[NIC "FR.17"]
[Time "20:38:56"]
[TimeControl "420+2"]

1. e4 e6 2. d4 d5 3. Nd2 Nf6 4. e5 Nfd7 5. Bd3 c5 6. c3 b6 7. Ne2 Ba6 8.
Bxa6 Nxa6 9. O-O Nc7 10. Nf3 Be7 11. Re1 c4 12. b3 b5 13. Ng3 Nb6 14. Qc2 a5
15. bxc4 Nxc4 16. Rb1 b4 17. Nd2 bxc3 18. Nxc4 dxc4 19. Qa4+ Qd7 20. Qxc4
Bb4 21. Ra1 Qd5 22. Qxc7 Qxd4 23. Be3 Qd5 24. Rad1 Qb5 25. Bg5 O-O 26. Qd7
Qc4 27. Re2 Rac8 28. Rc2 Qg4 29. Bc1 Qh4 30. Rd4 Rfd8 31. Qxd8+ Qxd8 32.
Rxd8+ Rxd8 33. a3 f6 34. axb4 axb4 35. exf6 gxf6 36. Ne4 Rd1# {White
checkmated} 0-1

[Event "ICC tourney 1941 (7 2)"]
[Site "Internet Chess Club"]
[Date "2020.07.31"]
[Round "4"]
[White "JohnnyHop98"]
[Black "Vish1080"]
[Result "1-0"]
[ICCResult "Black checkmated"]
[WhiteElo "1670"]
[BlackElo "1734"]
[Opening "Trompowsky attack (Ruth, Opocenský opening)"]
[ECO "A45"]
[NIC "QP.07"]
[Time "20:38:49"]
[TimeControl "420+2"]

1. d4 Nf6 2. Bg5 e6 3. e4 Be7 4. Bxf6 Bxf6 5. c3 d5 6. e5 Be7 7. Bd3 O-O 8.
Nf3 f5 9. exf6 Bxf6 10. O-O h6 11. Re1 Nc6 12. Nbd2 Bd7 13. Nf1 Re8 14. Qb3
b6 15. Ng3 Na5 16. Qc2 c5 17. Bg6 Rf8 18. b4 cxb4 19. cxb4 Rc8 20. Qd3 Nc4
21. Nh5 a5 22. Nf4 axb4 23. Bh7+ Kf7 24. Qg6+ Ke7 25. Nxd5+ Kd6 26. Qg3+ Kc6
27. Nxb4+ Kb7 28. Be4+ Ka7 29. Nd2 Bh4 30. Qd3 Bxf2+ 31. Kh1 Bxe1 32. Nxc4
Rxc4 33. Qxc4 Bxb4 34. Qxb4 Rf4 35. Qa3+ Kb8 36. Qa8+ Kc7 37. Rc1+ Kd6 38.
Qa3# {Black checkmated} 1-0

[Event "ICC tourney 1941 (7 2)"]
[Site "Internet Chess Club"]
[Date "2020.07.31"]
[Round "4"]
[White "MasterZachary"]
[Black "justinchess"]
[Result "1-0"]
[ICCResult "Black checkmated"]
[WhiteElo "2218"]
[BlackElo "2137"]
[Opening "Sicilian: Najdorf, Byrne (English) attack"]
[ECO "B90"]
[NIC "SI.14"]
[Time "20:39:02"]
[TimeControl "420+2"]

1. e4 c5 2. Nf3 d6 3. d4 cxd4 4. Nxd4 Nf6 5. Nc3 a6 6. Be3 e6 7. f3 b5 8.
Qd2 Nbd7 9. g4 h6 10. O-O-O b4 11. Nce2 Qc7 12. h4 d5 13. Bh3 e5 14. Nf5 d4
15. Nexd4 exd4 16. Bxd4 Nc5 17. g5 hxg5 18. hxg5 Nfd7 19. g6 fxg6 20. Qg5
gxf5 21. Bxf5 Nd3+ 22. Kb1 N3e5 23. Rxh8 Nf7 24. Bg6 Nf6 25. Bxf6 gxf6 26.
Qxf6 Ra7 27. Bxf7+ Qxf7 28. Qd8# {Black checkmated} 1-0

[Event "ICC tourney 1941 (7 2)"]
[Site "Internet Chess Club"]
[Date "2020.07.31"]
[Round "4"]
[White "benusa"]
[Black "londonkid"]
[Result "1-0"]
[ICCResult "Black resigns"]
[WhiteElo "2252"]
[BlackElo "1865"]
[Opening "Queen's Indian: Petrosian system"]
[ECO "E12"]
[NIC "QI.04"]
[Time "20:38:53"]
[TimeControl "420+2"]

1. d4 Nf6 2. c4 e6 3. Nf3 b6 4. a3 Bb7 5. Nc3 d5 6. cxd5 Nxd5 7. Qc2 Be7 8.
e4 Nxc3 9. bxc3 O-O 10. Bd3 c5 11. O-O Nd7 12. Qe2 Rc8 13. Bd2 Nf6 14. a4 c4
15. Bc2 a6 16. Ne5 b5 17. Rfb1 b4 18. cxb4 Qxd4 19. Nf3 Qd7 20. Bc3 Rfd8 21.
h3 Qc7 22. Nh2 e5 23. Nf1 Qc6 24. Ng3 Qc7 25. Nf5 Bf8 26. Qe3 g6 27. Ng3 Bg7
28. b5 axb5 29. axb5 Qd7 30. Ra7 Ra8 31. b6 Qc8 32. Qg5 h6 33. Qxe5 Nh5 34.
Qa5 Nxg3 35. Bxg7 Ne2+ 36. Kf1 Kxg7 37. Kxe2 c3 38. Kf1 Qc4+ 39. Kg1 Rab8
40. Qe5+ Kg8 41. Qe7 Qe2 42. Rxb7 Rxb7 43. Qxd8+ Kg7 44. Qd4+ Kh7 45. Qxc3
{Black resigns}
1-0

[Event "ICC tourney 1941 (7 2)"]
[Site "Internet Chess Club"]
[Date "2020.07.31"]
[Round "4"]
[White "jsl1996"]
[Black "GGuseinov"]
[Result "1-0"]
[ICCResult "Black forfeits on time"]
[WhiteElo "2022"]
[BlackElo "2987"]
[Opening "King's Indian: Semi-Averbakh system"]
[ECO "E73"]
[NIC "KI.27"]
[Time "20:38:54"]
[TimeControl "420+2"]

1. d4 Nf6 2. c4 g6 3. Nc3 Bg7 4. e4 d6 5. Be2 O-O 6. Be3 c6 7. Nf3 e5 8. O-O
exd4 9. Bxd4 Re8 10. Qc2 Bg4 11. Rad1 Nbd7 12. Rfe1 Qc7 13. h3 Bxf3 14. Bxf3
a6 15. g3 Ne5 16. Be2 Rac8 17. f4 Ned7 18. Bf3 b5 19. cxb5 axb5 20. a3 Qb8
21. Qb3 Re7 22. Kg2 Rce8 23. Re2 Re6 24. Bf2 Nb6 25. Rde1 Nfd7 26. Qc2 Nc4
27. a4 bxa4 28. Nxa4 Qb4 29. Rc1 d5 30. exd5 Rxe2 31. Bxe2 cxd5 32. Bxc4
dxc4 33. Qxc4 Qa5 34. Nc3 Nf6 35. Qc6 Rb8 36. Rc2 h5 37. Re2 Qf5 38. Bd4 h4
39. Qd6 Rc8 40. Bxf6 Qxf6 41. Qxf6 Bxf6 42. Nd5 Kg7 43. g4 Rc5 44. Nxf6 Kxf6
45. b4 Rc3 46. Rb2 Rg3+ 47. Kh2 Ke7 48. b5 Kd6 49. b6 {Black forfeits on
time} 1-0

[Event "ICC tourney 1941 (7 2)"]
[Site "Internet Chess Club"]
[Date "2020.07.31"]
[Round "4"]
[White "binomialfactor"]
[Black "Rohith-p"]
[Result "1-0"]
[ICCResult "Black forfeits on time"]
[WhiteElo "1752"]
[BlackElo "1754"]
[Opening "Nimzo-Indian: 4.e3, main line with ...c5"]
[ECO "E53"]
[NIC "NI.04"]
[Time "20:38:45"]
[TimeControl "420+2"]

1. d4 Nf6 2. c4 e6 3. Nc3 Bb4 4. e3 O-O 5. Bd3 d5 6. Nf3 c5 7. O-O cxd4 8.
exd4 dxc4 9. Bxc4 b6 10. a3 Bxc3 11. bxc3 Bb7 12. Bg5 Qc7 13. Ne5 Nfd7 14.
Nxd7 Nxd7 15. Bb5 a6 16. Bxd7 Qxd7 17. Qg4 Kh8 18. c4 Rac8 19. d5 f5 20. Qd4
exd5 21. Rfd1 Rc5 22. Rac1 Rfc8 23. cxd5 Rxc1 24. Bxc1 Qxd5 25. Qxd5 Bxd5
26. Be3 Bc4 27. Bxb6 h6 28. h3 Kh7 29. Rd7 Rg8 30. h4 h5 31. Bd4 Kh6 32.
Rd6+ g6 33. Rd7 f4 34. Bf6 g5 35. Bxg5+ Kg6 36. Bxf4 Kf5 37. Bg5 Rb8 38. Rc7
Bd3 39. Rf7+ {Black forfeits on time} 1-0

[Event "ICC tourney 1941 (7 2)"]
[Site "Internet Chess Club"]
[Date "2020.07.31"]
[Round "4"]
[White "liguowh"]
[Black "AVS"]
[Result "1-0"]
[ICCResult "Black forfeits on time"]
[WhiteElo "1476"]
[BlackElo "1209"]
[Opening "Ruy Lopez: exchange variation"]
[ECO "C68"]
[NIC "RL.08"]
[Time "20:38:52"]
[TimeControl "420+2"]

1. e4 e5 2. Nf3 Nc6 3. Bb5 a6 4. Bxc6 dxc6 5. d4 exd4 6. Qxd4 Qxd4 7. Nxd4
Nf6 8. f3 Be7 9. Be3 Bd7 10. Nc3 O-O-O 11. O-O-O h6 12. Rd2 Kb8 13. Rhd1 Bc8
14. h3 Rhe8 15. Nde2 Rxd2 16. Rxd2 Rd8 17. Rxd8 Bxd8 18. Kd2 Be7 19. Kd3 c5
20. f4 Bd7 21. Ng3 c6 22. Nce2 Kc7 23. b3 b5 24. f5 Bd6 25. Bf4 Bxf4 26.
Nxf4 Kd6 27. c4 Ke5 28. Ke3 Kd6 29. Nd3 Ne8 30. e5+ Kc7 31. Nxc5 Bc8 32. Kd4
g6 33. e6 {Black forfeits on time} 1-0

[Event "ICC tourney 1941 (7 2)"]
[Site "Internet Chess Club"]
[Date "2020.07.31"]
[Round "4"]
[White "PappusChain923"]
[Black "DejaVu"]
[Result "1-0"]
[ICCResult "Black forfeits on time"]
[WhiteElo "1678"]
[BlackElo "1341"]
[Opening "King's Indian: Petrosian system, Stein variation"]
[ECO "E92"]
[NIC "KI.17"]
[Time "20:38:48"]
[TimeControl "420+2"]

1. d4 Nf6 2. c4 g6 3. Nc3 Bg7 4. e4 d6 5. Nf3 O-O 6. Be2 e5 7. d5 a5 8. Bg5
Na6 9. Nd2 h6 10. Be3 Nd7 11. O-O f5 12. f3 f4 13. Bf2 g5 14. a3 Nac5 15. b4
axb4 16. axb4 Rxa1 17. Qxa1 Na6 18. Qb2 h5 19. h3 Rf6 20. Qa3 Bf8 21. c5
dxc5 22. b5 Nb4 23. Qb3 Kh8 24. Nc4 Bd6 25. g4 fxg3 26. Bxg3 Qf8 27. Kg2 Qg7
28. Qd1 Rg6 29. Ne3 Nf6 30. Qd2 g4 31. fxg4 hxg4 32. h4 Nh5 33. Nf5 Qg8 34.
Nd1 Nf4+ 35. Kh2 Bxf5 36. exf5 Rh6 37. Ne3 Qh7 38. Rh1 Rxh4+ 39. Bxh4 Qxh4+
40. Kg1 Nh3+ 41. Rxh3 gxh3 42. Nf1 e4 43. Qe3 h2+ 44. Kh1 Nc2 45. Qc3+ Kh7
46. f6 Qf2 47. Qh3+ Kg6 48. Bh5+ Kxf6 49. Qe6+ {Black forfeits on time} 1-0

[Event "ICC tourney 1941 (7 2)"]
[Site "Internet Chess Club"]
[Date "2020.07.31"]
[Round "4"]
[White "FL2009"]
[Black "guineapig25"]
[Result "0-1"]
[ICCResult "White resigns"]
[WhiteElo "1615"]
[BlackElo "1700"]
[Opening "Sicilian: Canal-Sokolsky (Nimzovich-Rossolimo, Moscow) attack"]
[ECO "B51"]
[NIC "SI.01"]
[Time "20:39:03"]
[TimeControl "420+2"]

1. e4 c5 2. Nf3 d6 3. Bb5+ Nd7 4. O-O Nf6 5. Re1 a6 6. Bxd7+ Bxd7 7. d4 cxd4
8. Nxd4 e5 9. Ne2 Nxe4 10. c4 Nf6 11. Nbc3 Be7 12. b3 O-O 13. Bb2 Be6 14.
Rc1 Qa5 15. Ng3 Rac8 16. Kh1 Rfd8 17. Qe2 g6 18. f3 Kg7 19. Nge4 Nxe4 20.
fxe4 h5 21. Rf1 Bg5 22. Ra1 h4 23. h3 Rd7 24. Rad1 Be7 25. Rd3 b5 26. cxb5
axb5 27. Nd5 Bg5 28. Rfd1 Rc6 29. Ne3 Bxe3 30. Rxe3 b4 31. Red3 Qd8 32. Qd2
Rb6 33. Bxe5+ dxe5 34. Rxd7 Qxd7 35. Qxd7 Bxd7 36. Rxd7 Ra6 37. Rd2 f5 38.
Re2 f4 39. Rd2 Kf6 40. Kg1 Rc6 41. Kf1 Ke6 42. Rd5 Rc1+ 43. Ke2 Rc2+ 44. Rd2
Rc3 45. Rd3 Rc2+ 46. Rd2 Rc3 47. Rd3 Rc5 48. Kd2 Ra5 49. Ke2 Rxa2+ 50. Rd2
Ra3 51. Rd3 Ra1 52. Kf3 Rf1+ 53. Kg4 Rf2 54. Kxh4 Rxg2 55. Rd8 Rg3 56. Rg8
Kf7 57. Ra8 Rxb3 58. Ra7+ Kf6 59. Ra6+ Kf7 60. Ra7+ Ke8 61. Ra8+ Kd7 62.
Ra7+ Kd8 63. Ra8+ Kc7 64. Ra7+ Kb6 65. Rg7 Re3 66. Rxg6+ Kc5 67. Kg4 Rxe4
68. h4 Re1 69. h5 b3 70. Rg8 b2 71. Rc8+ Kd4 72. Rd8+ Ke4 73. Rb8 b1=Q 74.
Rxb1 Rxb1 75. Kg5 Rg1+ 76. Kf6 Rh1 77. Kg6 Rxh5 78. Kxh5 f3 {White resigns}
0-1